AoeStats
← Joseph.da98

Arena

509956250Analyzed
3v3 RM · 2d ago on Sep 28, 2026· 88m 55s· 6 players
Game mode
Random Map
Map size
Normal (6 player)
Population
200
Speed
Normal
Resources
Standard
Victory
Conquest
Starting age
Dark Age
Ending age
Imperial Age
RankedLock teamsTeams togetherTeam positionsShared explorationLock speedFull tech treeHidden civsTurbo modeCheats
Victory
Defeat
🇩🇪 Franks · Germany
1203
+15
🇩🇪 Varangians · Germany
1186
+16
🇩🇪 Saxons · Germany
1129
+18
🇳🇿 Varangians · New Zealand
1226
-17
🇵🇪 Saracens · Peru
1209
-18
🇪🇸 Berbers · Spain
1118
-14
Joseph.da98
11:57 Feudal Age
13:15 Double-Bit Axe
13:15 Horse Collar
15:58 Castle Age
16:09 Loom
23:45 Bow Saw
23:44 Heavy Plow
25:08 Wheelbarrow
26:12 Hand Cart
27:20 Scale Mail Armor
27:30 Forging
27:11 Fletching
27:22 Padded Archer Armor
27:50 Squires
27:37 Arson
27:38 Gambesons
31:16 Imperial Age
28:48 Stone Mining
28:48 Gold Mining
30:56 Chain Mail Armor
31:16 Iron Casting
30:38 Bodkin Arrow
30:58 Leather Archer Armor
31:08 Ballistics
32:59 Two-Man Saw
32:34 Crop Rotation
31:29 Elite Varangian Guard
31:51 Elite Skirmisher
34:28 Plate Mail Armor
34:00 Bracer
35:06 Gold Shaft Mining
35:39 Shield Wall
58:52 Chemistry
57:43 Heated Shot
61:42 Cranequins
63:00 Pikeman
64:28 Halberdier
opus DEPPUS
9:39 Feudal Age
13:35 Castle Age
11:57 Double-Bit Axe
13:05 Stone Mining
14:16 Loom
17:18 Bow Saw
23:33 Town Watch
27:01 Wheelbarrow
30:40 Scale Mail Armor
30:51 Forging
30:54 Gold Mining
35:07 Imperial Age
32:31 Fletching
33:56 Chain Mail Armor
34:50 Iron Casting
34:23 Squires
36:57 Chivalry
37:19 Conscription
37:07 Scale Barding Armor
38:09 Chain Barding Armor
37:44 Cavalier
38:25 Husbandry
39:27 Blast Furnace
40:08 Plate Barding Armor
40:54 Chivalry
42:23 Paladin
44:40 Murder Holes
45:35 Bodkin Arrow
51:17 Ordonnance Companies
52:13 Padded Archer Armor
52:41 Ballistics
53:58 Caravan
54:26 Guard Tower
57:01 Cranequins
61:45 Light Cavalry
Schlensen
10:04 Feudal Age
11:38 Loom
12:58 Double-Bit Axe
15:21 Castle Age
14:05 Horse Collar
14:51 Scale Barding Armor
17:49 Bow Saw
23:17 Fletching
25:25 Heavy Plow
26:51 Bodkin Arrow
27:58 Chain Barding Armor
29:14 Forging
29:48 Wheelbarrow
28:58 Town Watch
29:41 Padded Archer Armor
31:04 Scale Mail Armor
31:39 Iron Casting
30:55 Gambesons
35:20 Imperial Age
33:30 Leather Archer Armor
33:33 Gold Mining
34:36 Squires
34:43 Husbandry
35:16 Chain Mail Armor
35:20 Bloodlines
35:11 Arson
36:18 Hand Cart
36:30 Conscription
36:00 Gothikon
37:06 Ballistics
36:56 Bracer
39:20 Ring Archer Armor
39:26 Plate Barding Armor
38:20 Pikeman
39:40 Halberdier
39:41 Elite Varangian Guard
41:11 Plate Mail Armor
41:42 Blast Furnace
43:49 Blast Furnace
44:04 Stone Mining
43:46 Onager
46:12 Chemistry
45:53 Siege Engineers
47:22 Elite Jarl
51:50 Capped Ram
61:20 Vendel Legacy
68:02 Light Cavalry
68:03 Light Cavalry
70:15 Hussar
85:06 Siege Ram
86:33 Cavalier
88:07 Caravan
LUZrapa
11:38 Feudal Age
13:13 Loom
15:52 Castle Age
14:02 Stone Mining
17:26 Wheelbarrow
19:52 Husbandry
19:45 Town Watch
20:09 Double-Bit Axe
24:42 Bloodlines
25:15 Scale Barding Armor
25:26 Bow Saw
25:04 Horse Collar
26:52 Heavy Plow
29:12 Chain Barding Armor
29:03 Forging
32:26 Imperial Age
30:05 Fletching
30:53 Hand Cart
32:52 Iron Casting
32:07 Treadmill Crane
32:46 Gold Mining
33:31 Conscription
33:15 Maghrebi Camels
34:23 Chemistry
34:36 Gold Shaft Mining
34:48 Plate Barding Armor
36:05 Blast Furnace
35:49 Hoardings
35:56 Crop Rotation
36:11 Masonry
35:37 Heavy Camel Rider
37:57 Ballistics
38:24 Elite Camel Archer
40:57 Bodkin Arrow
41:05 Padded Archer Armor
43:51 Bracer
44:07 Leather Archer Armor
43:51 Light Cavalry
44:36 Scale Mail Armor
52:53 Thumb Ring
52:56 Siege Engineers
53:08 Elite Genitour
55:25 Ring Archer Armor
WaffNub
11:09 Feudal Age
11:10 Loom
12:14 Double-Bit Axe
12:12 Horse Collar
15:57 Castle Age
19:04 Bow Saw
19:37 Wheelbarrow
20:38 Stone Mining
22:54 Fortified Wall
23:19 Gold Mining
23:36 Heavy Plow
26:38 Hand Cart
27:54 Squires
27:43 Gambesons
30:30 Imperial Age
28:51 Scale Mail Armor
29:01 Forging
30:17 Chain Mail Armor
30:53 Elite Varangian Guard
33:32 Iron Casting
34:02 Plate Mail Armor
34:23 Crop Rotation
34:27 Conscription
34:19 Arson
36:34 Blast Furnace
40:19 Two-Man Saw
38:57 Gothikon
40:06 Fletching
52:02 Scale Barding Armor
53:05 Chain Barding Armor
52:40 Bodkin Arrow
52:08 Vendel Legacy
52:11 Cavalier
52:52 Husbandry
53:02 Bloodlines
54:42 Plate Barding Armor
57:41 Light Cavalry
60:31 Hussar
76:29 Pikeman
79:38 Halberdier
El Botascha 2.0
0:47 Loom
11:39 Feudal Age
12:30 Double-Bit Axe
16:46 Castle Age
18:04 Horse Collar
23:39 Town Watch
28:51 Wheelbarrow
28:55 Heavy Plow
29:07 Bow Saw
30:20 Murder Holes
30:35 Fortified Wall
32:43 Hand Cart
36:37 Imperial Age
36:43 Imperial Age
34:20 Gold Mining
34:22 Stone Mining
34:59 Scale Barding Armor
35:05 Forging
35:50 Gold Shaft Mining
35:24 Husbandry
35:53 Bloodlines
36:46 Fletching
36:56 Padded Archer Armor
37:32 Iron Casting
37:18 Chain Barding Armor
37:52 Conscription
38:39 Chemistry
37:51 Fortified Wall
37:51 Masonry
37:47 Siege Engineers
39:19 Two-Man Saw
38:23 Town Patrol
39:17 Elite Mameluke
40:32 Hoardings
41:31 Ballistics
40:56 Arrowslits
43:12 Plate Barding Armor
43:37 Blast Furnace
42:33 Bodkin Arrow
42:53 Leather Archer Armor
47:13 Scale Mail Armor
48:05 Guard Tower
48:33 Chain Mail Armor
48:19 Bracer
48:49 Ring Archer Armor
54:20 Counterweights
54:38 Capped Ram
55:31 Thumb Ring
57:25 Elite Skirmisher
58:28 Siege Ram
60:31 Plate Mail Armor
60:21 Light Cavalry
62:20 Hussar
64:31 Caravan
65:01 Coinage
68:03 Banking
76:15 Crossbowman
76:23 Elite Genitour
Connection lost

Rejoining the realm…

Still unreachable

The connection could not be restored.

Session expired

The server has moved on; the page needs a fresh start.